 Dungeon Crawl Stone Soup version 0.24.0-13-gcf9b319 (webtiles) character file.

Game seed: 16845718841772464534, levelgen mode: deterministic

56 Fang the Skirmisher (level 3, -1/36 HPs)
             Began as a Gargoyle Berserker on Nov 11, 2019.
             Was a Believer of Trog.
             Killed by nerve-wracking pain
             ... invoked by Jessica
              (5 damage)
             ... on level 2 of the Dungeon.
             The game lasted 00:02:40 (1239 turns).

Fang the Skirmisher (Gargoyle Berserker)            Turns: 1239, Time: 00:02:41

Health: -1/36      AC:  0    Str: 26    XL:     3   Next: 97%
Magic:  3/3        EV: 19    Int:  7    God:    Trog [**....]
Gold:   84         SH:  0    Dex: 14    Spells: 2/2 levels left

rFire    . . .     SeeInvis .   (weapon currently unavailable)
rCold    . . .     Gourm    .   (shield currently unavailable)
rNeg     + . .     Faith    .   (armour currently unavailable)
rPois    ∞         Spirit   .   (helmet currently unavailable)
rElec    .         Reflect  .   (cloak currently unavailable)
rCorr    .         Harm     .   (gloves currently unavailable)
MR       .....                  (boots currently unavailable)
Stlth    ..........             (no amulet)
HPRegen  0.12/turn              (ring currently unavailable)
MPRegen  0.08/turn              (ring currently unavailable)

@: berserking, bat-form, flying, slowed, very quick
A: tiny, negative energy resistance 1, petrification resistance, rot immunity,
AC +3
a: Berserk, Trog's Hand, Renounce Religion


You were on level 2 of the Dungeon.
You worshipped Trog.
Trog was pleased with you.
You were very hungry.
You were in bat-form.
You visited 1 branch of the dungeon, and saw 2 of its levels.

You collected 84 gold pieces.

Inventory:

Hand Weapons
 a - a +0 hand axe (melded)
Armour
 b - a +0 plate armour (melded)
Scrolls
 d - a scroll of fog {unknown}
 e - a scroll of fear {unknown}
 f - a scroll of identify {unknown}
 i - 2 scrolls of teleportation {unknown}
 j - 2 scrolls of remove curse {unknown}
 l - a scroll of amnesia {unknown}
 m - a scroll of noise {unknown}
Potions
 g - a potion of might {unknown}
 k - 4 potions of curing {unknown}
Comestibles
 c - 2 rations
 h - 5 chunks of flesh


   Skills:
 + Level 3.8 Fighting
 + Level 3.2 Axes
 + Level 3.0 Armour
 + Level 2.1 Dodging


You had 2 spell levels left.
You didn't know any spells.
Your spell library was empty.

Dungeon Overview and Level Annotations

Branches:
Dungeon (2/15)

Altars:
Hepliaklqana

Annotations:
D:2 Jessica


Innate Abilities, Weirdness & Mutations

You are resistant to torment.
((Your stone body is resilient. (AC +3)))
You are immune to poison.
You resist negative energy. (rN+)
((You are resistant to electric shocks. (rElec)))
((You can survive without breathing.))
You are immune to petrification.
You are immune to rotting.


Message History

You are too injured to fight recklessly!
You are too injured to fight recklessly!
You are too injured to fight recklessly!
You are too injured to fight recklessly!
You are too injured to fight recklessly!
You are too injured to fight recklessly!
You are too injured to fight recklessly!
You are too injured to fight recklessly!
You are too injured to fight recklessly!
You are too injured to fight recklessly!
You are too injured to fight recklessly!
A red film seems to cover your vision as you go berserk!
You feel yourself moving faster!
You feel mighty!
You are feeling very hungry.
Jessica closely misses you.
You closely miss Jessica.
Jessica is almost dead.
Jessica gestures at you while chanting. Pain shoots through your body!
You die...

####.#.#### .....%...#
.....$..# ....... ......
..... ########## #.#@#
........###.#b#
#....##..##.#.#
####....##.....#.######
........................
####....##.#.###........
...÷)...##.#..#####?###.
......####.....# ...
......# ##...## #.#
......# #....# # .#


You could see Jessica.

Vanquished Creatures
  2 adders (D:2)
  An ooze (D:1)
  A dart slug (D:1)
  2 bats (D:2)
  3 giant cockroaches
  3 hobgoblins
  3 jackals (D:1)
  A frilled lizard (D:2)
  3 goblins (D:1)
  8 kobolds
  5 rats
32 creatures vanquished.

Notes
Turn   | Place    | Note
-------+----------+-------------------------------------------
     0 | D:1      | Fang the Gargoyle Berserker began the quest for the Orb.
     0 | D:1      | Reached XP level 1. HP: 14/14 MP: 1/1
   220 | D:1      | Reached XP level 2. HP: 13/19 MP: 2/2
   538 | D:1      | Reached XP level 3. HP: 11/23 MP: 3/3
   918 | D:2      | Reached ** piety under Trog
  1100 | D:2      | Found a hazy altar of Hepliaklqana.
  1224 | D:2      | Noticed Jessica
  1239 | D:2      | Killed from afar by Jessica

Levels and vault maps discovered:
D:1:      doesnt_arrival_eight_statues, layout_rooms, serial_bayou_pond_c
D:2:      layout_basic, nicolae_overflow_hidden_temple, uniq_jessica

Skill      XL: |  1  2  3 |
---------------+----------+-----
Axes           | 3 |  3.2
Dodging        | 2 |  2.1
Armour         | 3 |  3.0
Fighting       | |  3.8

Action                   || total
-------------------------++-------
Melee: Hand axe          ||   129
       Unarmed           ||     6
Invok: Berserk           ||     1
 Stab: Sleeping          ||     1
  Eat: Chunk             ||     1
Armor: Animal skin       ||    20
       Plate armour      ||    64
Dodge: Dodged            ||    76
